 Dungeon Crawl Stone Soup version 0.23.2-1-ga50397a (webtiles) character file.

Game seed: 11215297188463414604

86 Iscandelvey the Vexing (level 4, 0/32 HPs)
             Began as a Demonspawn Arcane Marksman on Apr 17, 2019.
             Slain by Purgy (3 damage)
             ... on level 3 of the Dungeon.
             The game lasted 00:12:13 (1637 turns).

Iscandelvey the Vexing (Demonspawn Arcane Marksman) Turns: 1637, Time: 00:12:14

Health: 0/32       AC:  3    Str: 10    XL:     4   Next: 27%
Magic:  5/7        EV: 13    Int: 15    God:
Gold:   39         SH:  0    Dex: 14    Spells: 4/7 levels left

rFire    . . .     SeeInvis .   a - +0 hand crossbow
rCold    . . .     Gourm    .   (no shield)
rNeg     . . .     Faith    .   e - +0 robe
rPois    .         Spirit   .   n - +0 helmet
rElec    .         Reflect  .   (no cloak)
rCorr    .         Harm     .   (no gloves)
MR       .....                  (no boots)
Stlth    +.........             (no amulet)
HPRegen  0.10/turn              (no ring)
MPRegen  0.10/turn              (no ring)

@: no status effects
A: powered by death 1
a: no special abilities


You were on level 3 of the Dungeon.
You were not hungry.

You visited 1 branch of the dungeon, and saw 4 of its levels.

You collected 39 gold pieces.

Inventory:

Hand Weapons
 a - a +0 hand crossbow (weapon)
 j - a +0 club
 l - a +0 hunting sling
 p - a +0 halberd
 s - a +0 quarterstaff
 u - a +0 mace
Missiles
 o - 20 stones (quivered)
Armour
 e - a +0 robe (worn)
 k - a +0 ring mail
 n - a +0 helmet (worn)
Scrolls
 b - 6 scrolls of identify {unknown}
 g - a scroll of blinking {unknown}
 i - a scroll of noise {unknown}
 m - a scroll of fear {unknown}
 q - a scroll of magic mapping {unknown}
 r - 2 scrolls of remove curse {unknown}
Potions
 c - a potion of magic {unknown}
 h - a potion of degeneration {unknown}
Comestibles
 f - 3 rations
 t - 7 chunks of flesh


   Skills:
 - Level 1.0 Fighting
 * Level 2.7 Crossbows
 + Level 0.6 Armour
 + Level 2.5 Dodging
 * Level 2.1 Spellcasting
 - Level 3.2 Hexes


You had 4 spell levels left.
You knew the following spells:

 Your Spells              Type           Power        Failure   Level  Hunger
a - Corona                Hex            ##.....      6%          1    #......
b - Slow                  Hex            ##......     9%          2    ###....

Your spell library contained the following spells:

 Spells                   Type           Power        Failure   Level  Hunger
 Inner Flame              Hex/Fire       #.......     34%         3    ###....
 Portal Projectile        Hex/Tloc       #.....       34%         3    ###....
 Cause Fear               Hex            ##........   52%         4    #####..
 Leda's Liquefaction      Hex/Erth       #.........   75%         4    #####..


Dungeon Overview and Level Annotations

Branches:
Dungeon (4/15)
 Temple: D:4-7

Altars:
Ashenzari

Annotations:
D:3 Purgy


Innate Abilities, Weirdness & Mutations

You regenerate a little health from kills.


Message History

Firing (i - inventory. (/) - cycle)
d - a bolt (quivered)
Press: ? - help, Shift-Dir - straight line, f/p - Purgy
Aim: Purgy (almost dead, slow)
You shoot a bolt. The bolt closely misses Purgy.
Purgy is no longer moving slowly.
Purgy bites you. Purgy barely misses you. Purgy closely misses you.
Throwing (i - inventory)
o - 22 stones (quivered)
Press: ? - help, Shift-Dir - straight line, f/p - Purgy
Aim: Purgy (almost dead)
You throw a stone. The stone hits Purgy.
Purgy is almost dead.
Purgy misses you. Purgy claws you. x2
* * * LOW HITPOINT WARNING * * *
Throwing (i - inventory)
o - 21 stones (quivered)
Press: ? - help, Shift-Dir - straight line, f/p - Purgy
Aim: Purgy (almost dead)
You throw a stone. The stone closely misses Purgy.
Purgy bites you.
* * * LOW HITPOINT WARNING * * *
Purgy claws you.
You die...

#.####.## #>.......
##.######. +.......#
##.####.# #.# #.# .
#.# #.# ##.. #.# #.#
..... #@# #.#.....g
## ###T####........
#.. #.............#.
#.$.##.#)............
#..=.....############
#...##.#)# #.. #.#.#
#. #..(. # #.....


You could see Purgy.

Vanquished Creatures
  An orc wizard (D:4)
  A gnoll (D:1)
  2 adders (D:4)
  2 dart slugs (D:1)
  5 orcs (D:4)
  6 bats
  A giant cockroach (D:1)
  A goblin (D:1)
  A hobgoblin (D:1)
  2 jackals (D:1)
  A kobold (D:1)
  3 frilled lizards
  3 rats (D:1)
29 creatures vanquished.

Notes
Turn   | Place    | Note
-------+----------+-------------------------------------------
     0 | D:1      | Iscandelvey the Demonspawn Arcane Marksman began the quest
                  | for the Orb.
     0 | D:1      | Reached XP level 1. HP: 15/15 MP: 2/2
    81 | D:1      | Found a shattered altar of Ashenzari.
   191 | D:1      | Gained mutation: You regenerate a little health from kills.
                  | [demonic ancestry]
   191 | D:1      | Reached XP level 2. HP: 21/21 MP: 3/3
   250 | D:1      | Learned a level 2 spell: Slow
   708 | D:1      | Reached XP level 3. HP: 24/26 MP: 5/5
  1006 | D:2      | You fall through a shaft for 2 floors!
  1465 | D:4      | Reached XP level 4. HP: 25/32 MP: 3/7
  1618 | D:3      | Noticed Purgy
  1637 | D:3      | Slain by Purgy

Skill      XL: |  1  2  3 |
---------------+----------+-----
Dodging        | 2 |  2.5
Crossbows      | 2 |  2.7
Spellcasting   | 2 |  2.1
Fighting       | |  1.0
Armour         | |  0.6
Hexes          | |  3.2

Action                   |  1- 3 |  4- 6 || total
-------------------------+-------+-------++-------
Melee: Unarmed           |    30 |       ||    30
       Halberd           |    23 |     2 ||    25
       Club              |     3 |     8 ||    11
       Mace              |       |     3 ||     3
 Fire: Hand crossbow     |    38 |    19 ||    57
       Hunting sling     |     7 |       ||     7
Throw: Stone             |       |     2 ||     2
 Cast: Slow              |     7 |     2 ||     9
       Corona            |       |     1 ||     1
 Stab: Sleeping          |       |     1 ||     1
  Eat: Chunk             |     2 |     1 ||     3
Armor: Robe              |     2 |     4 ||     6
       Ring mail         |    16 |       ||    16
Dodge: Dodged            |    43 |    29 ||    72
